 Dungeon Crawl Stone Soup version 0.22-a0-283-g1871b15 (webtiles) character file.

18 4thArraOfDagon the Slasher (level 2, -2/22 HPs)
             Began as a Formicid Warper on Mar 18, 2018.
             Slain by a leopard gecko (4 damage)
             ... on level 1 of the Dungeon.
             The game lasted 00:01:08 (189 turns).

4thArraOfDagon the Slasher (Formicid Warper)         Turns: 189, Time: 00:01:09

Health: -2/22      AC:  3    Str: 15    XL:     2   Next: 90%
Magic:  5/5        EV: 11    Int: 12    God:
Gold:   0          SH:  0    Dex: 10    Spells: 5/5 levels left

rFire    . . .     SeeInvis +   a - +0 falchion
rCold    . . .     Gourm    .   (no shield)
rNeg     . . .     Faith    .   b - +0 leather armour
rPois    .         Spirit   .   (helmet unavailable)
rElec    .         Reflect  .   (no cloak)
rCorr    .         Harm     .   (no gloves)
MR       .....                  (no boots)
Stlth    +.........             (no amulet)
HPRegen  0.07/turn              (no ring)
MPRegen  0.09/turn              (no ring)

@: no status effects
A: permanent stasis, dig shafts and tunnels, four strong arms, antennae 3
a: Dig, Shaft Self


You were on level 1 of the Dungeon.
You were not hungry.

You visited 1 branch of the dungeon, and saw 3 of its levels.

Inventory:

Hand Weapons
 a - a +0 falchion (weapon)
Missiles
 e - 5 tomahawks of dispersal (quivered)
Armour
 b - a +0 leather armour (worn)
Scrolls
 c - a scroll of teleportation {unknown}
 d - a scroll of blinking
Comestibles
 f - a ration


   Skills:
 - Level 2.1 Fighting
 * Level 3.2 Long Blades
 - Level 1.0 Throwing
 - Level 1.1 Armour
 - Level 1.7 Dodging
 - Level 2.1 Spellcasting
   Level 2.6 Translocations


You had 5 spell levels left.
You didn't know any spells.

Dungeon Overview and Level Annotations

Branches:
Dungeon (3/15)

Altars:
Sif Muna


Innate Abilities, Weirdness & Mutations

You cannot be hasted, slowed, berserked, paralysed or teleported.
You can dig through walls and to a lower floor.
Your four strong arms can wield two-handed weapons with a shield.
You have a pair of large antennae on your head. (SInv)


Message History

The jackal stops to sniff the ground.
The jackal barely misses you.
You hit the jackal.
The jackal is severely wounded.
The jackal closely misses you.
You miss the jackal.
The jackal is severely wounded.
The jackal closely misses you.
You riposte.
You hit the jackal.
You kill the jackal!
The jackal bites you.
* * * LOW HITPOINT WARNING * * *
You closely miss the jackal. The jackal closely misses you.
You barely miss the jackal.
The jackal bites you but does no damage. x2
You hit the jackal.
You kill the jackal!
The leopard gecko bites you.
* * * LOW HITPOINT WARNING * * *
You closely miss the leopard gecko. The leopard gecko bites you.
You die...

... !.. #. ......
# #. ..... ..
###. ###.#.# ..
... ..... #.#.S
... ... #l#
#.#.##.####@##..#
........†>......#
#..########.##.##
#.# # ..# ... ...
....# .##


You could see a leopard gecko.

Vanquished Creatures
  2 orcs (D:3)
  2 bats (D:1)
  A giant cockroach (D:2)
  A hobgoblin (D:2)
  4 jackals (D:1)
  A ball python (D:1)
  2 frilled lizards (D:2)
  2 kobolds
  A rat (D:2)
16 creatures vanquished.

Notes
Turn   | Place    | Note
-------+----------+-------------------------------------------
     0 | D:1      | 4thArraOfDagon the Formicid Warper began the quest for the Orb.
     0 | D:1      | Reached XP level 1. HP: 16/16 MP: 3/3
    57 | D:1      | You fall through a shaft!
    64 | D:2      | You fall through a shaft!
    64 | D:3      | Found a deep blue altar of Sif Muna.
    88 | D:3      | Reached XP level 2. HP: 13/22 MP: 5/5
   163 | D:1      | Reached skill level 3 in Long Blades
   189 | D:1      | Slain by a leopard gecko

Vault maps used:
D:1:      lightli_arrival_statue_moat
D:3:      led_sif_book

Skill      XL: |  1  2 |
---------------+-------+-----
Long Blades    | 3 |  3.2
Fighting       | |  2.1
Throwing       | |  1.0
Armour         | |  1.1
Dodging        | |  1.7
Spellcasting   | |  2.1
Translocations | |  2.6

Action                   || total
-------------------------++-------
Melee: Falchion          ||    58
 Abil: Shaft Self        ||     2
       Dig               ||     2
Armor: Leather armour    ||    13
Dodge: Dodged            ||    41
       Rpst.: Falchion   ||    13

Table legend:
 A = Spawn XP
 B = Non-spawn XP
 C = Spawn XP percentage of total XP
 D = Spawn monster count
 E = Non-spawn monster count
 F = Spawn count percentage of total count
 G = Total turns spent on level
                    A         B        C        D         E        F      G
               +---------+---------+-------+---------+---------+-------+---------
         Total |       0 |      27 |   0.0 |       0 |      16 |   0.0 |   189
               +---------+---------+-------+---------+---------+-------+---------
           D:1 |       0 |      12 |   0.0 |       0 |       7 |   0.0 |    89
           D:2 |       0 |       8 |   0.0 |       0 |       6 |   0.0 |    46
           D:3 |       0 |       7 |   0.0 |       0 |       3 |   0.0 |    54
               +---------+---------+-------+---------+---------+-------+---------
